Map: 16-Bit LE

Players

Megac

  • Race: Terran Terran
  • Spawn Location: 7:00

Avoš - Winner!

  • Race: Protoss Protoss
  • Spawn Location: 1:00

VOD

Have the link to the VOD?

Description

Time

  • Played on: July 30, 2018, 4:04 p.m.
  • Length: 25:22
Show
View Real Time Build Order
Export as new Build Order

Megac Terran 

Build Orders: MMM Bio 

Get SALT Encoding   

  12  0:01  SCV  
  13  0:13  SCV  
  14  0:21  Supply Depot  
  14  0:25  SCV  
  15  0:38  Refinery  
  15  0:43  SCV  
  15  0:49  Barracks  
  16  0:55  SCV  
  17  1:07  SCV  
  18  1:19  SCV  
  20  1:35  Orbital Command  
  20  1:36  Supply Depot  
  19  1:41  Reaper  
  20  1:50  Barracks  
  20  2:07  SCV  
  21  2:18  Supply Depot  
  21  2:19  SCV  
  22  2:25  Barracks Reactor  
  22  2:31  SCV  
  22  2:34  Command Center  
  23  2:40  Refinery  
  23  2:53  SCV  
  24  3:02  Barracks Tech Lab, Marine x2  
  24  3:05  SCV  
  27  3:17  SCV  
  28  3:20  Marine x2  
  28  3:23  Marauder  
  32  3:27  Stimpack  
  32  3:29  SCV  
  33  3:36  Factory  
  33  3:38  Marine x2  
  35  3:41  SCV  
  35  3:44  Marine  
  37  3:53  SCV  
  37  3:54  SCV  
  39  3:55  Marine x2  
  39  4:01  Marine  
  42  4:04  Refinery  
  42  4:05  SCV  
  42  4:06  SCV  
  44  4:13  Marine x2  
  46  4:17  SCV  
  46  4:19  Marine  
  46  4:22  Orbital Command  
  48  4:29  SCV  
  49  4:31  Marine x2  
  49  4:32  Supply Depot  
  54  4:39  Marine  
  54  4:40  Factory Reactor  
  54  4:42  SCV  
  53  4:49  Marine  
  53  4:50  Starport  
  54  4:53  Marine  
  55  5:02  Supply Depot  
  55  5:07  Marine  
  55  5:08  Marine  
  55  5:11  Marine  
  55  5:13  SCV x2  
  60  5:25  SCV, Marine x2  
  60  5:26  Bunker, SCV  
  60  5:28  Engineering Bay, Combat Shield  
  64  5:29  Starport Reactor, Marine  
  65  5:37  SCV  
  65  5:38  SCV  
  67  5:43  Cyclone  
  70  5:55  Supply Depot  
  70  6:01  Missile Turret  
  70  6:04  Terran Infantry Weapons Level 1  
  70  6:16  Marine x3, Medivac  
  70  6:17  Cyclone  
  78  6:19  Supply Depot  
  78  6:32  Supply Depot  
  78  6:35  Missile Turret  
  78  6:41  Marine x3, Medivac  
  78  6:46  Supply Depot, Medivac  
  85  6:59  Marine x3  
  85  7:00  Starport  
  88  7:02  Missile Turret  
  87  7:11  Medivac  
  87  7:12  SCV  
  90  7:16  Marine x3, Medivac  
  95  7:24  SCV x2  
  97  7:34  Marine x3  
  97  7:36  SCV x2  
  102  7:44  Missile Turret  
  102  7:48  Supply Depot  
  102  7:52  Starport Tech Lab  
  102  7:59  Terran Infantry Armor Level 1  
  102  8:01  Supply Depot  
  102  8:05  Supply Depot  
  102  8:09  Cyclone x2, SCV, Marine  
  110  8:23  SCV x2, Marine x2, Viking x2  
  110  8:24  Fusion Core  
  118  8:27  Marine  
  118  8:29  Supply Depot  
  118  8:33  Refinery  
  119  8:35  SCV x2  
  119  8:40  Marine x2  
  123  8:45  Marine  
  124  8:58  Marine x2  
  124  9:02  Supply Depot  
  126  9:03  Marine  
  126  9:04  Command Center  
  127  9:14  Supply Depot  
  127  9:16  Battlecruiser  
  133  9:26  Supply Depot  
  133  9:33  Marauder  
  133  9:36  Supply Depot  
  135  9:44  Cyclone  
  138  9:49  Missile Turret  
  138  9:55  Marauder  
  140  10:12  Refinery  
  140  10:16  Marauder  
  140  10:20  Battlecruiser  
  148  10:37  Planetary Fortress  
  148  10:38  Supply Depot  
  148  11:25  Battlecruiser  
  154  11:33  Marine x3  
  157  11:51  Marine x3  
  160  12:00  Supply Depot  
  150  12:08  Marine  
  151  12:19  Weapon Refit  
  151  12:22  Armory  
  151  12:23  Supply Depot  
  151  12:29  Battlecruiser  
  157  12:39  Engineering Bay  
  157  12:43  Missile Turret  
  157  13:05  Missile Turret  
  157  13:06  Marine x3  
  157  13:10  Terran Infantry Weapons Level 2  
  160  13:15  Terran Infantry Armor Level 2  
  160  13:20  Terran Vehicle Weapons Level 1  
  160  13:24  Marine x2  
  162  13:30  Missile Turret  
  162  13:33  Battlecruiser  
  168  13:42  Marine  
  169  13:49  Missile Turret  
  169  14:00  Marine  
  170  14:16  Missile Turret  
  170  14:18  Marine  
  171  14:26  Marine x2  
  173  14:36  Marine  
  173  14:37  Battlecruiser  
  180  14:39  Barracks  
  180  14:44  Marine x2  
  172  14:53  Marine  
  173  15:02  Marine x2  
  161  15:11  Marine  
  121  15:20  Marine x2  
  97  15:28  Barracks  
  97  15:29  Marine  
  97  15:35  Starport  
  98  15:38  Marine x2  
  98  15:42  Battlecruiser  
  106  15:47  Marine  
  107  15:55  Marine  
  107  15:56  Marine  
  109  15:59  Terran Infantry Weapons Level 3  
  109  16:00  Starport  
  109  16:02  Medivac x2  
  113  16:05  Marine  
  114  16:13  Marine  
  114  16:16  Starport  
  115  16:29  Command Center  
  115  16:32  Medivac  
  117  16:34  Missile Turret  
  117  16:39  Starport  
  117  16:40  Starport Tech Lab  
  117  16:46  Starport Tech Lab, Battlecruiser  
  123  16:57  Missile Turret  
  123  16:59  Battlecruiser  
  132  17:32  Viking  
  132  17:34  Viking  
  123  17:50  Battlecruiser  
  129  17:55  Refinery  
  129  18:02  Viking  
  129  18:03  Battlecruiser  
  129  18:04  Viking  
  126  18:31  Refinery  
  126  18:32  Viking  
  128  18:34  Viking  
  128  18:37  SCV  
  131  18:44  Refinery, Battlecruiser  
  137  18:49  SCV  
  137  18:54  Battlecruiser  
  144  19:08  Battlecruiser  
  150  19:20  Planetary Fortress  
  145  19:34  Refinery  
  110  20:09  Marine  
  110  20:10  Marine x3  
  110  20:15  Battlecruiser x2  
  118  20:27  Marine  
  118  20:28  Marine  
  116  20:45  Marine  
  115  20:51  Supply Depot  
  115  21:03  Marine  
  116  21:05  SCV  
  117  21:16  Supply Depot  
  117  21:19  Battlecruiser  
  117  21:21  Marine  
  124  21:39  Supply Depot, Marine  
  90  21:59  Marine  
  73  22:02  Supply Depot  
  55  22:16  Marine  
  50  22:23  Battlecruiser  
  50  22:26  Supply Depot  
  56  22:34  Marine  
  55  22:49  Marine  
  55  22:50  Bunker  
  56  22:52  Marine  
  57  23:06  Marine  
  57  23:10  Marine  
  59  23:24  Marine  
  59  23:27  SCV  
  61  23:28  Marine, Battlecruiser  
  61  23:32  Battlecruiser  
  68  23:37  Command Center  
  68  23:39  SCV  
  67  23:42  Marine  
  67  23:45  SCV, Marine  
  70  23:51  SCV  
  71  23:57  SCV  
  71  24:00  Marine  
  73  24:03  SCV  
  71  24:15  SCV  
  72  24:20  Missile Turret  
  67  24:25  Missile Turret  
  66  24:31  Missile Turret  
Show
View Real Time Build Order
Export as new Build Order

Avoš Protoss - Winner!

Build Orders:  

Get SALT Encoding   

  12  0:01  Probe  
  13  0:13  Probe  
  14  0:22  Pylon  
  14  0:25  Probe  
  15  0:40  Probe  
  16  0:43  Gateway  
  16  0:52  Assimilator, Probe  
  17  0:57  Assimilator  
  17  1:04  Probe  
  18  1:13  Gateway  
  18  1:17  Probe  
  19  1:29  Probe  
  20  1:33  Cybernetics Core  
  20  1:39  Probe  
  20  1:44  Pylon  
  21  1:47  Probe  
  22  1:55  Probe  
  23  2:07  Probe  
  24  2:09  Warp Gate  
  24  2:11  Stalker, Sentry  
  28  2:19  Probe  
  29  2:23  Pylon  
  29  2:32  Probe  
  30  2:42  Stalker  
  30  2:43  Stalker  
  34  2:44  Probe  
  35  2:59  Probe  
  36  3:19  Probe  
  37  3:22  Nexus  
  37  3:27  Pylon  
  37  3:31  Stalker  
  39  3:45  Probe, Stalker  
  42  3:57  Probe  
  42  4:00  Twilight Council  
  42  4:02  Forge  
  43  4:09  Probe  
  44  4:27  Stalker  
  46  4:32  Pylon  
  46  4:39  Assimilator  
  46  4:40  Probe  
  46  4:41  Probe  
  46  4:42  Assimilator  
  48  4:46  Stalker  
  50  4:58  Protoss Ground Weapons Level 1  
  50  5:06  Blink  
  50  5:22  Zealot x2  
  54  5:34  Gateway  
  54  5:35  Gateway  
  54  5:41  Probe x2  
  54  5:42  Gateway  
  56  5:44  Gateway  
  56  5:53  Probe x2, Pylon  
  56  5:55  Shield Battery  
  58  5:59  Shield Battery  
  58  6:05  Probe x2  
  60  6:12  Zealot  
  60  6:13  Zealot  
  64  6:40  Zealot  
  64  6:41  Zealot x3  
  64  6:44  Zealot  
  64  6:45  Zealot  
  76  6:52  Protoss Ground Armor Level 1  
  74  7:17  Stalker  
  74  7:18  Stalker  
  74  7:20  Nexus  
  78  7:26  Pylon  
  78  7:29  Pylon  
  78  7:32  Pylon  
  78  7:34  Assimilator  
  78  7:37  Assimilator  
  78  7:44  Probe x2  
  80  7:52  Pylon  
  80  7:55  Pylon  
  80  7:56  Probe x2  
  80  7:58  Pylon  
  82  8:07  Zealot x3  
  82  8:08  Zealot  
  90  8:28  Stargate  
  90  8:29  Stargate  
  90  8:36  Protoss Ground Weapons Level 2  
  90  8:46  Probe x3  
  93  8:56  Charge  
  93  8:58  Probe x3  
  93  8:59  Zealot  
  93  9:00  Zealot  
  100  9:15  Probe  
  101  9:27  Probe  
  102  9:39  Probe  
  102  9:40  Pylon  
  102  9:41  Pylon  
  102  9:43  Photon Cannon  
  102  9:45  Photon Cannon, Zealot x5  
  111  9:51  Probe  
  114  10:02  Protoss Air Weapons Level 1  
  114  10:03  Probe  
  115  10:11  Probe  
  116  10:23  Probe  
  116  10:26  Stargate  
  116  10:28  Stargate  
  117  10:31  Zealot x3  
  117  10:32  Zealot x3  
  129  10:35  Probe  
  130  10:47  Probe  
  130  10:48  Protoss Ground Armor Level 2  
  131  10:53  Fleet Beacon  
  131  10:55  Zealot x4  
  139  10:58  Zealot  
  130  11:15  Void Ray x2  
  127  11:46  Probe  
  128  11:56  Protoss Air Armor Level 1  
  128  11:58  Probe  
  129  12:05  Photon Cannon  
  129  12:08  Photon Cannon  
  129  12:10  Probe  
  129  12:12  Photon Cannon  
  130  12:16  Photon Cannon  
  130  12:21  Nexus  
  130  12:22  Probe  
  131  12:33  Probe  
  131  12:34  Probe  
  131  12:35  Probe  
  134  12:44  Assimilator  
  134  12:46  Probe  
  134  12:48  Probe  
  134  12:49  Assimilator  
  136  12:53  Pylon  
  136  12:58  Probe  
  136  13:00  Probe  
  136  13:05  Protoss Ground Weapons Level 3  
  138  13:11  Probe x2  
  138  13:12  Probe  
  141  13:23  Probe x2  
  141  13:24  Probe  
  144  13:34  Templar Archives  
  144  13:35  Probe x2  
  146  13:47  Probe x2  
  148  13:55  Probe x2  
  150  13:59  Probe x2  
  152  14:03  Zealot x3  
  152  14:04  Zealot x3  
  152  14:07  Probe x2  
  166  14:13  Void Ray x3  
  178  14:30  Zealot  
  180  14:43  Pylon  
  180  14:45  Pylon  
  180  14:49  Pylon  
  180  14:52  Pylon  
  180  14:54  Pylon  
  180  14:56  Photon Cannon  
  180  14:58  Photon Cannon  
  136  15:41  Assimilator  
  136  15:42  Probe x2, Protoss Ground Armor Level 3  
  138  15:43  Probe x2  
  138  15:48  Void Ray x4  
  156  15:53  Zealot x4  
  156  15:54  Probe, Zealot x2  
  156  15:55  Probe x3  
  172  16:20  Gateway  
  172  16:21  Gateway  
  172  16:25  Gateway  
  172  16:27  Gateway  
  172  16:30  Void Ray x2  
  172  16:31  Void Ray x2  
  188  16:53  Zealot x3  
  194  16:54  Zealot x3  
  200  17:04  Nexus  
  200  17:05  Pylon  
  200  17:06  Pylon  
  200  17:12  Pylon  
  196  18:19  Protoss Shields Level 1  
  184  18:39  Zealot  
  184  18:40  Zealot x6  
  184  18:41  Zealot  
  130  20:34  Zealot  
  130  20:35  Void Ray, Zealot x6  
  120  20:36  Void Ray, Zealot x3  
  120  20:39  Void Ray x2  
  108  20:56  Stalker x2  
  108  20:57  Stalker x3  
  114  20:58  Stalker x5  
  128  21:12  Void Ray x2  
  132  21:22  Void Ray x2  
  132  21:23  Stargate x2  
  132  21:25  Stargate  
  144  21:27  Stargate  
  144  21:28  Stalker x5  
  144  21:29  Stalker x4  
  144  21:30  Stalker  
  136  21:53  Stalker x2  
  136  21:54  Stalker x3  
  136  21:55  Stalker x2  
  136  21:59  Stalker x3  
  142  22:05  Void Ray  
  130  22:22  Zealot x2  
  132  22:23  Zealot x3  
  132  22:24  Zealot x5  
  150  22:31  Void Ray x3  
  160  22:47  Void Ray  
  164  22:53  Void Ray  
  164  22:54  Void Ray x3  
  180  23:10  Probe x3  
  180  23:11  Probe  
  184  23:14  Void Ray x3  
  196  23:22  Probe  
Tags
 
Composition
MMM Bio
Matchup
PvT
Spawn Locations
Cross Positions
Add a new tag
Caveats
  • Supply blocks, unpowered buildings, or Contaminate may cause inaccurate times.
  • Supply counts are checked every 10 seconds.